 Dungeon Crawl Stone Soup version 0.32-a0-12-g7fc57aa741 (webtiles) character file.

Game seed: 12383909414079328159

3332 hikkokomori the Carver (level 10, -2/75 (77) HPs)
             Began as a Gnoll Wanderer on Jan 15, 2024.
             Was a Priest of Okawaru.
             Slain by a wight
             ... wielding a +0 battleaxe
              (6 damage)
             ... on level 8 of the Dungeon.
             The game lasted 00:12:52 (5523 turns).

hikkokomori the Carver (Gnoll Wanderer)             Turns: 5523, Time: 00:12:53

HP:   -2/75 (77)    AC:  9    Str: 11    XL:     10   Next: 2%
MP:   17/17         EV: 16    Int: 10    God:    Okawaru [***...]
Gold: 273           SH:  5    Dex: 30    Spells: 13/19 levels left

rFire   . . .        n - +0 dagger of Superiority {holy, rElec Dex+6}
rCold   . . .        (no shield)
rNeg    . . .        r - +2 leather armour {rPois}
rPois   +            G - +0 helmet
rElec   +            D - +0 cloak
rCorr   .            (no gloves)
SInv    .            s - +0 pair of boots
Will    .....        q - amulet of reflection
Stlth   ++++         l - +6 ring of dexterity
HPRegen 0.32/turn    (no ring)
MPRegen 0.15/turn

%: reflection
@: hasted, lightly drained, very quick
A: fangs 1, strong nose, distributed training
a: Renounce Religion, Heroism


You were on level 8 of the Dungeon.
You worshipped Okawaru.
Okawaru was most pleased with you.
You visited 2 branches of the dungeon, and saw 8 of its levels.

You collected 273 gold pieces.

Inventory:

Hand Weapons
 a - a +5 falchion
 n - the +0 dagger of Superiority (weapon) {holy, rElec Dex+6}
   (You found it on level 2 of the Dungeon)

   Dex+6:     It affects your dexterity (+6).
   rElec:     It insulates you from electricity.
 o - a +2 orcbow of freezing
 t - a +2 short sword of venom
 w - a +0 dagger of freezing
Missiles
 h - 6 curare-tipped darts (quivered)
Armour
 d - a +1 robe
 k - a +0 chain mail
 m - a +0 ring mail
 r - a +2 leather armour of poison resistance (worn)
 s - a +0 pair of boots (worn)
 x - a +1 leather armour of cold resistance
 D - a +0 cloak (worn)
 G - a +0 helmet (worn)
Jewellery
 l - a +6 ring of dexterity (left hand)
 q - an amulet of reflection (around neck)
Wands
 E - a wand of quicksilver (7)
 F - a wand of mindburst (14)
 H - a wand of paralysis (6)
Scrolls
 c - 2 scrolls of teleportation
 i - a scroll of enchant armour
 j - 2 scrolls of fear
 y - a scroll of revelation {unknown}
 z - a scroll of torment {unknown}
 A - a scroll of poison {unknown}
 C - a scroll of identify
Potions
 b - 2 potions of mutation
 e - a potion of degeneration {unknown}
 f - a potion of enlightenment {unknown}
 p - a potion of attraction
 u - a potion of brilliance {unknown}
 v - a potion of curing {unknown}
 B - a potion of resistance {unknown}
 I - a potion of magic {unknown}


   Skills:
 + Level 6.8 Fighting
 + Level 5.0 Short Blades
 + Level 11.5 Long Blades
 + Level 5.0 Axes
 + Level 5.0 Maces & Flails
 + Level 5.0 Polearms
 + Level 5.0 Staves
 + Level 5.0 Ranged Weapons
 + Level 5.0 Throwing
 + Level 6.8 Armour
 + Level 5.0 Dodging
 + Level 5.0 Stealth
 + Level 5.0 Shields
 + Level 5.0 Unarmed Combat
 + Level 5.0 Spellcasting
 + Level 4.1 Conjurations
 + Level 4.1 Hexes
 + Level 4.1 Summonings
 + Level 4.1 Necromancy
 + Level 4.1 Translocations
 + Level 4.1 Fire Magic
 + Level 4.1 Ice Magic
 + Level 4.1 Air Magic
 + Level 4.1 Earth Magic
 + Level 4.1 Alchemy
 + Level 5.5 Invocations
 + Level 5.7 Evocations
 + Level 4.5 Shapeshifting


You had 13 spell levels left.
You knew the following spells:

 Your Spells              Type           Power      Damage    Failure   Level
a - Confusing Touch       Hex            10%        N/A       16%         3
b - Swiftness             Air            10%        N/A       16%         3

Your spell library contained the following spells:

 Spells                   Type           Power      Damage    Failure   Level
 Apportation              Tloc           20%        N/A       5%          1
 Kiss of Death            Conj/Necr      40%        2d8       5%          1
 Magic Dart               Conj           40%        1d5       5%          1
 Necrotise                Necr           40%        1d6       5%          1
 Shock                    Conj/Air       40%        1d5       5%          1
 Sting                    Conj/Alch      40%        1d5       5%          1
 Searing Ray              Conj           20%        2d5       9%          2
 Airstrike                Air            5%         2d(1-17)  47%         4
 Dispel Undead            Necr           10%        3d9       47%         4
 Fulminant Prism          Conj/Alch      5%         3d7       47%         4
 Ozocubu's Refrigeration  Ice            5%         4d8       100%        7
 Polar Vortex             Ice            5%         N/A       100%        9
 Summon Small Mammal      Summ           Unusable   N/A       N/A         1
 Sculpt Simulacrum        Ice/Alch       Unusable   N/A       N/A         6

Dungeon Overview and Level Annotations

Branches:
Dungeon (8/15)             Temple (1/1) D:6
   Lair: D:8-11

Altars:
Ashenzari
Cheibriados
Dithmenos
Elyvilon
Fedhas
Hepliaklqana
Kikubaaqudgha
Makhleb
Okawaru
Qazlal
Ru
Sif Muna
Uskayaw
Vehumet
Wu Jian
Xom
Yredelemnul
Zin

Shops:
D:1 *   D:3 !


Innate Abilities, Weirdness & Mutations

You have very sharp teeth.
Your uncanny sense of smell can sniff out nearby items.
Your experience applies equally to all skills.


Message History

n - the +0 dagger of Superiority (weapon)
{holy, rElec Dex+6} You closely miss the wight.
The wight hits you with a +3 war axe!
* * * LOW HITPOINT WARNING * * *
Unknown command.
You hit the wight but do no damage. The wight closely misses you.
Unknown command.
Aiming: Paralyse
Press: ? - help, Shift-Dir - straight line, f/p - wight
Aim: a wight, wielding a +3 war axe and wearing a +0 robe (chance to affect: 63%)
The wight resists with significant effort.
The wight completely misses you.
A wight comes into view. It is wielding a +3 battleaxe.
Unknown command.
Aiming: Paralyse
Press: ? - help, Shift-Dir - straight line, f/p - wight
Aim: a wight, wielding a +3 war axe and wearing a +0 robe (chance to affect: 63%)
The wight resists with significant effort.
The wight closely misses you.
Unknown command.
Aiming: Paralyse
Press: ? - help, Shift-Dir - straight line, f/p - wight
Aim: a wight, wielding a +3 war axe and wearing a +0 robe (chance to affect: 63%)
The wight resists with significant effort.
The wight barely misses you.
Unknown command.
Unknown command.
You hit the wight but do no damage.
Unknown command.
The wight misses you. The wight attacks as it pursues you!
The wight hits you with a +3 war axe!
* * * LOW HITPOINT WARNING * * *
Okay, then.
Okay, then.
Okay, then.
You feel yourself speed up. The wight closely misses you.
A wight comes into view. It is wielding a +2 morningstar.
Unknown command.
Unknown command.
The wight attacks as it pursues you! The wight hits you with a +0 battleaxe.
You die...

#.#
#.............#
# #.#
#.....#...#####
#
#.####.....##.##
#
#....###.####.#
# ####.# #.# #.#
# #.# #.# #.. .
#.# #.# ### #
#.###.# #.@...#
##z#####
#...####
#.z....#
#...##.#
##z###.# ###)#
#.# #..z# #.#
#)### #.#


You could see 4 wights.

Vanquished Creatures
  A kobold demonologist (D:7)
  Grinder (D:6)
  A wyvern (D:7)
  3 vampire mosquitoes (D:7)
  A steam dragon (D:8)
  Menkaure (D:7)
  3 water moccasins
  An orc warrior (D:8)
  A sky beast (D:7)
  2 ogres
  2 ice beasts
  2 wolves (D:8)
  A centaur (D:6)
  A kobold brigand (D:8)
  2 bullfrogs
  A scorpion (D:6)
  A howler monkey (D:7)
  A bombardier beetle (D:6)
  2 jellies
  A hound (D:6)
  Crazy Yiuf (D:6)
  A gnoll bouda (D:7)
  4 orc priests
  An iguana (D:2)
  Natasha (thrice) (D:3)
  2 orc wizards
  4 adders
  7 gnolls
  5 shadow imps
  2 white imps (D:6)
  2 ufetubi (D:6)
  3 ribbon worms
  2 dart slugs
  15 orcs
  9 bats
  7 endoplasms
  A giant cockroach (D:1)
  6 goblins
  5 hobgoblins
  3 quokkas
  2 ball pythons (D:2)
  2 frilled lizards
  12 kobolds
  A rat (D:1)
129 creatures vanquished.

Notes
Turn   | Place    | Note
-------+----------+-------------------------------------------
     0 | D:1      | Reached skill level 10 in Long Blades
     0 | D:1      | hikkokomori the Gnoll Wanderer began the quest for the Orb.
     0 | D:1      | hikkokomori set off with the following items: a +3
                  | falchion, a potion of mutation, a scroll of teleportation,
                  | a +0 robe.
     0 | D:1      | Reached XP level 1. HP: 20/20 MP: 1/1
   129 | D:1      | Reached XP level 2. HP: 26/26 MP: 2/2
   277 | D:1      | Found Qeh Fog's Assorted Antiques.
   444 | D:1      | Reached XP level 3. HP: 28/31 MP: 3/3
   810 | D:2      | Reached skill level 1 in Invocations
   845 | D:2      | Reached skill level 1 in Short Blades
   845 | D:2      | Reached skill level 1 in Axes
   845 | D:2      | Reached skill level 1 in Maces & Flails
   845 | D:2      | Reached skill level 1 in Polearms
   845 | D:2      | Reached skill level 1 in Staves
   845 | D:2      | Reached skill level 1 in Ranged Weapons
   845 | D:2      | Reached skill level 1 in Throwing
   845 | D:2      | Reached skill level 1 in Dodging
   845 | D:2      | Reached skill level 1 in Stealth
   845 | D:2      | Reached skill level 1 in Shields
   845 | D:2      | Reached skill level 1 in Unarmed Combat
   845 | D:2      | Reached skill level 1 in Spellcasting
   885 | D:2      | Identified the +0 dagger of Superiority {holy, rElec Dex+6}
  1088 | D:2      | Reached skill level 1 in Shapeshifting
  1088 | D:2      | Reached XP level 4. HP: 38/38 MP: 5/5
  1161 | D:2      | Reached skill level 1 in Conjurations
  1161 | D:2      | Reached skill level 1 in Hexes
  1161 | D:2      | Reached skill level 1 in Summonings
  1161 | D:2      | Reached skill level 1 in Necromancy
  1161 | D:2      | Reached skill level 1 in Translocations
  1161 | D:2      | Reached skill level 1 in Fire Magic
  1161 | D:2      | Reached skill level 1 in Ice Magic
  1161 | D:2      | Reached skill level 1 in Air Magic
  1161 | D:2      | Reached skill level 1 in Earth Magic
  1161 | D:2      | Reached skill level 1 in Alchemy
  1426 | D:3      | Noticed Natasha
  1435 | D:3      | Killed Natasha
  1436 | D:3      | Reached XP level 5. HP: 36/43 MP: 5/7
  1450 | D:3      | Noticed an ogre
  1463 | D:3      | Killed an ogre
  1464 | D:3      | Reached XP level 6. HP: 21/50 MP: 8/8
  1654 | D:3      | Found a blossoming altar of Fedhas.
  1663 | D:3      | Noticed Natasha
  1673 | D:3      | Killed Natasha
  1687 | D:3      | Reached skill level 5 in Fighting
  1687 | D:3      | Reached skill level 5 in Armour
  1694 | D:3      | Noticed Natasha
  1839 | D:3      | Killed Natasha
  1850 | D:3      | Learned a level 3 spell: Confusing Touch
  2383 | D:3      | Found a sacrificial altar of Ru.
  2656 | D:3      | Found Umag's Distillery.
  2740 | D:3      | You fall into a shaft and drop 3 floors!
  2802 | D:6      | Noticed an ice beast
  2812 | D:6      | Killed an ice beast
  2813 | D:6      | Reached XP level 7. HP: 30/56 MP: 10/10
  3194 | D:6      | Found a runed translucent door.
  3195 | D:6      | Noticed Crazy Yiuf
  3234 | D:6      | Found a hazy altar of Hepliaklqana.
  3235 | D:6      | Found a shimmering altar of Xom.
  3236 | D:6      | Noticed a spectral ugly thing
  3285 | D:6      | Noticed Grinder
  3314 | D:6      | Killed Grinder
  3315 | D:6      | Reached XP level 8. HP: 45/63 MP: 12/12
  3757 | D:6      | Found a staircase to the Ecumenical Temple.
  3864 | Temple   | Entered the Ecumenical Temple
  3894 | Temple   | Became a worshipper of Warmaster Okawaru
  3956 | D:7      | Noticed a kobold demonologist
  3956 | D:7      | Found a transporter.
  3977 | D:7      | Found a transporter.
  3993 | D:7      | Reached skill level 11 in Long Blades
  4191 | D:7      | Noticed a wyvern
  4202 | D:7      | Killed a wyvern
  4202 | D:7      | Reached * piety under Okawaru
  4286 | D:7      | Reached XP level 9. HP: 39/69 MP: 14/14
  4300 | D:7      | Noticed Menkaure
  4309 | D:7      | Killed Menkaure
  4309 | D:7      | Reached ** piety under Okawaru
  4324 | D:7      | Learned a level 3 spell: Swiftness
  4507 | D:7      | Reached skill level 5 in Evocations
  4514 | D:7      | HP: 3/70 [vampire mosquito (1)]
  4978 | D:6      | Killed Crazy Yiuf
  5198 | D:7      | Killed a kobold demonologist
  5199 | D:7      | Reached skill level 5 in Invocations
  5466 | D:8      | Reached *** piety under Okawaru
  5494 | D:8      | Reached skill level 5 in Short Blades
  5494 | D:8      | Reached skill level 5 in Axes
  5494 | D:8      | Reached skill level 5 in Maces & Flails
  5494 | D:8      | Reached skill level 5 in Polearms
  5494 | D:8      | Reached skill level 5 in Staves
  5494 | D:8      | Reached skill level 5 in Ranged Weapons
  5494 | D:8      | Reached skill level 5 in Throwing
  5494 | D:8      | Reached skill level 5 in Dodging
  5494 | D:8      | Reached skill level 5 in Stealth
  5494 | D:8      | Reached skill level 5 in Shields
  5494 | D:8      | Reached skill level 5 in Unarmed Combat
  5494 | D:8      | Reached skill level 5 in Spellcasting
  5500 | D:8      | Reached XP level 10. HP: 26/77 MP: 17/17
  5523 | D:8      | Slain by a wight

Illustrated notes

Levels and vault maps discovered:
D:1:      onia_arrival_mini_spirals, layout_loops_cross, serial_shops,
          nicolae_diamond_shop, minmay_pentomino_o2
D:2:      layout_loops_ring
D:3:      layout_basic, mainiacjoe_overflow_paths,
          mainiacjoe_overflow_concentric_impassable, serial_shops,
          nicolae_shop_real_fake_doors, uniq_natasha
D:4:      minmay_general_purpose_star, layout_loops_corners,
          grunt_temple_overflow_opulence
D:6:      layout_cave_pods, regret_index_temple_of_mockery, temple_green,
          grunt_decor_cap, due_unseen_surprise, uniq_crazy_yiuf_cottage,
          uniq_grinder
D:7:      gammafunk_wand_slinger, layout_cave_pools, uniq_menkaure
D:8:      layout_loops_ring, erik_lair_orcish_takeover
Temple:   minmay_temple_curvy_branch

Skill      XL: |  1  2  3  4  5  6  7  8  9 |
---------------+----------------------------+-----
Long Blades    | 11 | 11.5
Invocations    | 1 2 3 4 5 |  5.5
Short Blades   | 1 2 3 5 |  5.0
Axes           | 1 2 3 5 |  5.0
Maces & Flails | 1 2 3 5 |  5.0
Polearms       | 1 2 3 5 |  5.0
Staves         | 1 2 3 5 |  5.0
Ranged Weapons | 1 2 3 5 |  5.0
Throwing       | 1 2 3 5 |  5.0
Dodging        | 1 2 3 5 |  5.0
Stealth        | 1 2 3 5 |  5.0
Shields        | 1 2 3 5 |  5.0
Unarmed Combat | 1 2 3 5 |  5.0
Spellcasting   | 1 2 3 5 |  5.0
Shapeshifting  | 1 2 3 4 |  4.5
Conjurations   | 1 2 3 4 |  4.1
Hexes          | 1 2 3 4 |  4.1
Summonings     | 1 2 3 4 |  4.1
Necromancy     | 1 2 3 4 |  4.1
Translocations | 1 2 3 4 |  4.1
Fire Magic     | 1 2 3 4 |  4.1
Ice Magic      | 1 2 3 4 |  4.1
Air Magic      | 1 2 3 4 |  4.1
Earth Magic    | 1 2 3 4 |  4.1
Alchemy        | 1 2 3 4 |  4.1
Evocations     | 3 4 5 |  5.7
Fighting       | 5 6 |  6.8
Armour         | 5 6 |  6.8

Action                     |  1- 3 |  4- 6 |  7- 9 | 10-12 || total
---------------------------+-------+-------+-------+-------++-------
  Melee: Falchion          |    63 |    89 |   149 |       ||   301
         Bite              |     6 |     6 |    19 |       ||    31
         Punch             |     1 |     1 |     4 |       ||     6
         Dagger            |       |       |       |     3 ||     3
   Fire: Orcbow            |       |       |    62 |     4 ||    66
  Throw: Dart              |       |       |     2 |       ||     2
  Evoke: Wand              |       |       |     5 |     3 ||     8
    Use: Scroll            |     2 |     6 |     3 |       ||    11
         Potion            |       |     1 |     4 |     1 ||     6
   Stab: Sleeping          |     3 |     5 |     3 |       ||    11
         Distracted        |     1 |       |       |       ||     1
 Armour: Robe              |    28 |    49 |       |       ||    77
         Leather armour    |       |    10 |    93 |     4 ||   107
  Dodge: Dodged            |    25 |    46 |    79 |     7 ||   157
  Block: Other             |       |     5 |    25 |     1 ||    31
         Reflection        |       |       |     1 |     1 ||     2

Table legend: (Time is in decaauts)
 A = Elapsed time spent in this place.
 B = Non-inter-level travel time spent in this place.
 C = Inter-level travel time spent in this place.
 D = Time resting spent in this place.
 E = Time spent auto-exploring this place.
 F = Levels seen in this place.
 G = Mean time per level.
                   A        B        C        D        E       F      G
               +--------+--------+--------+--------+--------+-----+--------+
         Total |   5486 |   5111 |    375 |    633 |   3317 |   8 |  685.8 |
       Dungeon |   5433 |   5100 |    333 |    633 |   3315 |   7 |  776.1 |
        Temple |     52 |     10 |     42 |      0 |      2 |   1 |   52.0 |
               +--------+--------+--------+--------+--------+-----+--------+

Top non-repeatable levels by time:
     D:6: 1382 daAuts
     D:7: 1144 daAuts
     D:3: 914 daAuts
     D:2: 740 daAuts
     D:1: 653 daAuts
     D:4: 416 daAuts
     D:8: 181 daAuts
  Temple: 52 daAuts
